 Dungeon Crawl Stone Soup version 0.24-b1 (webtiles) character file.

Game seed: 8733718024990136521, levelgen mode: deterministic

8 CryoSword the Skirmisher (level 2, 0/24 HPs)
             Began as a Demonspawn Fighter on Oct 13, 2019.
             Slain by a leopard gecko (3 damage)
             ... on level 1 of the Dungeon.
             The game lasted 00:00:55 (150 turns).

CryoSword the Skirmisher (Demonspawn Fighter)        Turns: 150, Time: 00:00:55

Health: 0/24       AC:  6    Str: 21    XL:     2   Next: 0%
Magic:  2/2        EV:  9    Int:  9    God:
Gold:   0          SH:  0    Dex: 12    Spells: 1/1 levels left

rFire    . . .     SeeInvis .   a - +0 long sword
rCold    . . .     Gourm    .   (no shield)
rNeg     . . .     Faith    .   b - +0 scale mail
rPois    .         Spirit   .   (no helmet)
rElec    .         Reflect  .   (no cloak)
rCorr    .         Harm     .   (no gloves)
MR       .....                  (no boots)
Stlth    ..........             (no amulet)
HPRegen  0.08/turn              (no ring)
MPRegen  0.08/turn              (no ring)

@: mighty
A: powered by death 1
a: no special abilities


You were on level 1 of the Dungeon.
You were not hungry.

You visited 1 branch of the dungeon, and saw 1 of its levels.

Inventory:

Hand Weapons
 a - a +0 long sword (weapon)
Armour
 b - a +0 scale mail (worn)
 c - a +0 shield
Scrolls
 g - 2 scrolls of identify {unknown}
Potions
 e - a potion of resistance {unknown}
 i - a potion of heal wounds {unknown}
Comestibles
 f - a ration {!d}
 h - a chunk of flesh


   Skills:
 + Level 3.1 Fighting
 * Level 2.1 Long Blades
 - Level 2.6 Armour
 + Level 2.8 Shields


You had one spell level left.
You didn't know any spells.
Your spell library was empty.

Dungeon Overview and Level Annotations

Branches:
Dungeon (1/15)

Altars:


Innate Abilities, Weirdness & Mutations

You regenerate a little health from kills.


Message History

A kobold is nearby!
A kobold is nearby!
A bat comes into view.
The bat moves out of view.
The kobold hits you but does no damage.
You hit the kobold but do no damage. The bat closely misses you.
The kobold barely misses you.
You riposte.
You slash the kobold!
You kill the kobold!
You slash the bat!
You kill the bat!
No target in view!
No target in view!
A leopard gecko comes into view.
The leopard gecko hisses angrily.
A leopard gecko is nearby!
A leopard gecko is nearby!
A leopard gecko is nearby!
You see here a bubbling cyan potion.
You miss the leopard gecko. The leopard gecko closely misses you.
The leopard gecko bites you.
You closely miss the leopard gecko. The leopard gecko barely misses you.
You riposte.
You closely miss the leopard gecko. You closely miss the leopard gecko.
The leopard gecko barely misses you. The leopard gecko closely misses you.
You hit the leopard gecko but do no damage.
The leopard gecko barely misses you. x2
You closely miss the leopard gecko. The leopard gecko closely misses you.
You closely miss the leopard gecko.
The leopard gecko bites you but does no damage.
The leopard gecko closely misses you.
You barely miss the leopard gecko. The leopard gecko barely misses you.
You riposte.
You miss the leopard gecko. You miss the leopard gecko.
The leopard gecko bites you but does no damage.
The leopard gecko bites you.
You hit the leopard gecko.
The leopard gecko is almost dead.
The leopard gecko bites you but does no damage.
You barely miss the leopard gecko.
The leopard gecko is almost dead.
The leopard gecko barely misses you. The leopard gecko misses you.
You riposte.
You hit the leopard gecko but do no damage.
The leopard gecko is almost dead.
Your scale mail prevents you from hitting the leopard gecko.
The leopard gecko is almost dead.
The leopard gecko bites you. The leopard gecko barely misses you.
You are too injured to fight recklessly!
You are too injured to fight recklessly!
You are too injured to fight recklessly!
You are too injured to fight recklessly!
You are too injured to fight recklessly!
You are too injured to fight recklessly!
You hit the leopard gecko.
You kill the leopard gecko!
Your Long Blades skill increases to level 2!
i - a bubbling cyan potion A jackal comes into view.
A jackal is nearby!
A jackal is nearby!
A jackal is nearby!
The jackal barks!
You hear a bark!
You hear a shout!
You hear an angry hiss.
A jackal comes into view.
The jackal barks!
You hit the jackal.
You kill the jackal!
A leopard gecko comes into view.
The leopard gecko hisses angrily.
A dart slug comes into view.
A hobgoblin comes into view. It is wielding a +0 club.
The hobgoblin shouts!
You hear a shout!
The jackal barely misses you.
You riposte.
You closely miss the jackal.
The jackal bites you but does no damage.
You slash the jackal!
You kill the jackal!
You have reached level 2!
Your demonic ancestry asserts itself...
A wave of death washes over you. The leopard gecko bites you.
The hobgoblin hits you with a +0 club.
* * * LOW HITPOINT WARNING * * *
You closely miss the leopard gecko.
The leopard gecko bites you but does no damage.
A kobold comes into view. It is wielding a +0 whip.
The leopard gecko bites you.
* * * LOW HITPOINT WARNING * * *
The hobgoblin hits you with a +0 club.
* * * LOW HITPOINT WARNING * * *
You feel very mighty all of a sudden. The leopard gecko bites you.
* * * LOW HITPOINT WARNING * * *
The hobgoblin hits you but does no damage.
You closely miss the hobgoblin. The leopard gecko barely misses you.
The leopard gecko bites you but does no damage.
The hobgoblin hits you but does no damage.
You barely miss the leopard gecko. The leopard gecko closely misses you.
The hobgoblin closely misses you. The leopard gecko barely misses you.
You miss the leopard gecko. The hobgoblin hits you with a +0 club.
* * * LOW HITPOINT WARNING * * *
The leopard gecko bites you.
You die...

### #.. #.#
#####.###
#....@..#
#...gl..#
#.......#
#....K..##
#....w...#
#........#
#.......†###
####.......#
##.....###


You could see a dart slug, a leopard gecko, a hobgoblin and a kobold.

Vanquished Creatures
  A leopard gecko (D:1)
  A bat (D:1)
  2 jackals (D:1)
  A kobold (D:1)
  A frilled lizard (D:1)
6 creatures vanquished.

Notes
Turn   | Place    | Note
-------+----------+-------------------------------------------
     0 | D:1      | CryoSword the Demonspawn Fighter began the quest for the
                  | Orb.
     0 | D:1      | Reached XP level 1. HP: 18/18 MP: 1/1
   138 | D:1      | Gained mutation: You regenerate a little health from kills.
                  | [demonic ancestry]
   138 | D:1      | Reached XP level 2. HP: 16/24 MP: 2/2
   150 | D:1      | Slain by a leopard gecko

Skill      XL: |  1 |
---------------+----+-----
Long Blades    | 2 |  2.1
Fighting       | |  3.1
Armour         | |  2.6
Shields        | |  2.8

Action                   || total
-------------------------++-------
Melee: Long sword        ||    23
  Use: Potion            ||     1
Armor: Scale mail        ||     9
Dodge: Dodged            ||    20
       Rpst.: Long sword ||     5
